 Dungeon Sprint DCSS version 0.21-a0-400-g417d9d2 (webtiles) character file.

9 Amnesiac the Digger (level 2, -11/15 HPs)
             Began as a Deep Elf Earth Elementalist on Oct 20, 2017.
             Splashed by an oklob sapling's acid (14 damage)
             ... in the Dungeon (Sprint IV: "Fedhas' Mad Dash").
             The game lasted 00:00:35 (113 turns).

Amnesiac the Digger (Deep Elf Earth Elementalist)    Turns: 113, Time: 00:00:36

Health: -11/15     AC:  2    Str:  5    XL:     2   Next: 6%
Magic:  8/9        EV: 13    Int: 19    God:
Gold:   0          SH:  0    Dex: 15    Spells: 8/9 levels left

rFire    . . .     SeeInvis .   (no weapon)
rCold    . . .     Gourm    .   (no shield)
rNeg     . . .     Faith    .   c - +0 robe
rPois    .         Spirit   .   (no helmet)
rElec    .         Reflect  .   (no cloak)
rCorr    .         Harm     .   (no gloves)
MR       .....     NoTele   +   (no boots)
Stlth    ++........             (no amulet)
HPRegen  0.05/turn              (no ring)
MPRegen  0.11/turn              (no ring)

@: no status effects
A: no striking features
a: no special abilities


You were in the Dungeon.
You were not hungry.

You visited 1 branch

Inventory:

Missiles
 b - 21 stones (quivered)
Armour
 a - a +0 buckler
 c - a +0 robe (worn)
Scrolls
 j - a scroll of blinking {!r}
Potions
 e - a potion of curing {!q}
 f - a potion of heal wounds {!q}
 g - a potion of haste {!q}
 h - 2 potions of magic {!q}
 i - a potion of berserk rage {!q}
Books
 k - a book of Geomancy

   Spells                             Type                      Level
   a - Sandblast                      Earth                        1
   b - Passwall                       Transmutation/Earth          2
   c - Stone Arrow                    Conjuration/Earth            3
   d - Petrify                        Transmutation/Earth          4
   e - Lee's Rapid Deconstruction     Earth                        5
Comestibles
 d - a bread ration


   Skills:
 - Level 2.4 Dodging
 - Level 2.4 Stealth
 + Level 0.0 Shields
 + Level 4.3 Spellcasting
   Level 1.1 Transmutations
 * Level 5.0 Earth Magic


You had 8 spell levels left.
You knew the following spells:

 Your Spells              Type           Power        Failure   Level  Hunger
a - Sandblast             Erth           ###...       1%          1    None


Dungeon Overview and Level Annotations

Branches:
Dungeon (1/1)

Altars:

Annotations:
D exclusion: oklob sapling


Message History

Casting: Sandblast
Confirm with . or Enter, or press ? or * to list all spells.
Aiming: Sandblast
Press: ? - help, Shift-Dir - straight line, f/p - river rat
Aim: a river rat (severely wounded)
The blast of sand hits the river rat.
The river rat is almost dead.
b - 24 stones The river rat misses you.
The river rat misses you.
Casting: Sandblast
Confirm with . or Enter, or press ? or * to list all spells.
Aiming: Sandblast
Press: ? - help, Shift-Dir - straight line, f/p - river rat
Aim: a river rat (almost dead)
The blast of sand hits the river rat.
You kill the river rat!
Your Spellcasting skill increases to level 4!
Your Earth Magic skill increases to level 4!
You have reached level 2!
b - 23 stones The rat bites you.
The rat misses you.
There is an open door here.
You see here a buckler.
a - a buckler The rat barely misses you.
You hit the rat but do no damage. The rat closely misses you.
Casting: Sandblast
Confirm with . or Enter, or press ? or * to list all spells.
Aiming: Sandblast
Press: ? - help, Shift-Dir - straight line, f - rat
Aim: a rat The blast of sand hits the rat.
You kill the rat!
Your Earth Magic skill increases to level 5!
b - 22 stones You start resting.
HP restored.
You start resting.
Magic restored.
You start resting.
Magic restored.
You start resting.
HP restored.
You open the door.
Marking area around the oklob sapling as unsafe for travelling.
An oklob sapling comes into view.
Found 45 gold pieces.
Casting: Sandblast
Confirm with . or Enter, or press ? or * to list all spells.
Aiming: Sandblast
Press: ? - help, Shift-Dir - straight line, f - oklob sapling
Aim: an oklob sapling The blast of sand hits the oklob sapling.
The oklob sapling is heavily damaged.
b - 21 stones The oklob sapling spits acid at you.
The splash of acid hits you!
Ouch! That really hurt!
* * * LOW HITPOINT WARNING * * *
You are splashed with acid!
The acid burns!
Ouch! That really hurt!
You die...

############ #####
#<.†P#.....#.$$$$#
#PP..'....@'.#
#PPPP#...†.#P#
############ #


You could see an oklob sapling.

Vanquished Creatures
  A river rat (D)
  A rat (D)
2 creatures vanquished.

Notes
Turn   | Place    | Note
-------+----------+-------------------------------------------
     0 | D        | Amnesiac the Deep Elf Earth Elementalist began the quest for the Orb.
     0 | D        | Reached XP level 1. HP: 10/10 MP: 6/6
    16 | D        | Reached skill level 4 in Earth Magic
    16 | D        | Reached XP level 2. HP: 11/15 MP: 0/9
    27 | D        | Reached skill level 5 in Earth Magic
   112 | D        | Noticed an oklob sapling
   113 | D        | Splashed by an oklob sapling's acid

Vault maps used:
D:        dungeon_sprint_fedhas

Skill      XL: |  1  2 |
---------------+-------+-----
Spellcasting   | 4 |  4.3
Earth Magic    | 4 5 |  5.0
Dodging        | |  2.4
Stealth        | |  2.4
Transmutations | |  1.1

Action                   || total
-------------------------++-------
Melee: Unarmed           ||     1
 Cast: Sandblast         ||     9
Dodge: Dodged            ||     6

Table legend:
 A = Spawn XP
 B = Non-spawn XP
 C = Spawn XP percentage of total XP
 D = Spawn monster count
 E = Non-spawn monster count
 F = Spawn count percentage of total count
 G = Total turns spent on level
                    A         B        C        D         E        F      G
               +---------+---------+-------+---------+---------+-------+---------
         Total |       0 |      14 |   0.0 |       0 |       2 |   0.0 |   113
               +---------+---------+-------+---------+---------+-------+---------
             D |       0 |      14 |   0.0 |       0 |       2 |   0.0 |   113
               +---------+---------+-------+---------+---------+-------+---------
